 Dungeon Crawl Stone Soup version 0.22.1-1-ga44c0e5 (webtiles) character file.

1852 tognito the Cleaver (level 8, -1/69 HPs)
             Began as a Minotaur Berserker on Nov 5, 2018.
             Was an Elder of Trog.
             Slain by a black bear (4 damage)
             ... on level 6 of the Dungeon.
             The game lasted 00:11:17 (4580 turns).

tognito the Cleaver (Minotaur Berserker)            Turns: 4580, Time: 00:11:18

Health: -1/69      AC: 13    Str: 24    XL:     8   Next: 88%
Magic:  7/7        EV:  8    Int:  4    God:    Trog [****..]
Gold:   370        SH:  0    Dex: 10    Spells: 7/7 levels left

rFire    . . .     SeeInvis .   a - +0 war axe
rCold    + . .     Gourm    .   (no shield)
rNeg     . . .     Faith    .   w - +0 plate armour
rPois    .         Spirit   .   (helmet unavailable)
rElec    .         Reflect  .   p - +0 cloak
rCorr    .         Harm     .   s - +0 pair of gloves
MR       .....                  (no boots)
Stlth    ..........             (no amulet)
HPRegen  0.21/turn              (no ring)
MPRegen  0.10/turn              (no ring)

@: no status effects
A: retaliatory headbutt, horns 3, cold resistance 1
a: Berserk, Trog's Hand, Brothers in Arms, Renounce Religion


You were on level 6 of the Dungeon.
You worshipped Trog.
Trog was greatly pleased with you.
You were not hungry.

You visited 1 branch of the dungeon, and saw 6 of its levels.

You collected 370 gold pieces.

Inventory:

Hand Weapons
 a - a +0 war axe (weapon)
Missiles
 r - 99 bolts
 t - 47 arrows
Armour
 p - a +0 cloak (worn)
 s - a +0 pair of gloves (worn)
 w - a +0 plate armour (worn)
Jewellery
 x - a +2 ring of dexterity {unknown}
Wands
 m - a wand of polymorph (11)
Scrolls
 d - a scroll of fear {unknown}
 e - 10 scrolls of teleportation {unknown}
 f - 2 scrolls of immolation {unknown}
 h - 6 scrolls of identify {unknown}
 i - a scroll of remove curse {unknown}
 j - a scroll of magic mapping {unknown}
 k - 4 scrolls of random uselessness {unknown}
 o - a scroll of fog {unknown}
 u - a scroll of blinking {unknown}
 y - a scroll of enchant weapon {unknown}
Potions
 b - a potion of curing
 g - a potion of mutation
 l - a potion of haste
 n - a potion of agility
 v - a potion of heal wounds
 z - a potion of resistance {unknown}
Comestibles
 c - 11 rations


   Skills:
 - Level 5.4 Fighting
 + Level 12.5 Axes
 - Level 3.5 Armour
 - Level 3.4 Dodging
 - Level 1.2 Stealth


You had 7 spell levels left.
You didn't know any spells.
Your spell library was empty.

Dungeon Overview and Level Annotations

Branches:
Dungeon (6/15)             Temple (0/1) D:4

Altars:
Ashenzari
Elyvilon
Kikubaaqudgha
Makhleb
Sif Muna
The Shining One


Innate Abilities, Weirdness & Mutations

You reflexively headbutt those who attack you in melee.
You have a pair of large horns on your head.
Your flesh is cold resistant. (rC+)


Message History

You feel yourself speed up.
You feel sick.
You are no longer poisoned.
You start resting.
Eating a chunk of flesh.
You eat the chunk of flesh.
This raw flesh tastes terrible.
You recover from your berserk rage.
A black bear is nearby!
You hit the black bear but do no damage.
You closely miss the black bear. You headbutt the black bear!
The black bear is heavily wounded.
The black bear barely misses you.
The black bear claws you but does no damage.
The black bear claws you.
* * * LOW HITPOINT WARNING * * *
You barely miss the black bear.
The black bear is heavily wounded.
The black bear bites you.
* * * LOW HITPOINT WARNING * * *
The black bear claws you.
You die...

#......).)†.....#
#.........#####.#
#...###...# #...#
#..## #...###.##
###.#.....#
#.....##.##
#.#.####h#
#.#.####@######
#.#.............
#.#####.#######.
#.# #.# #.# #.#
#.# #.# #.# #.#
#.# #.#
###.#####.##


You could see a black bear.

Vanquished Creatures
  Grinder (D:5)
  Eustachio (D:5)
  Edmund (D:5)
  An orc warrior (D:6)
  An ice beast (D:6)
  A phantom (D:6)
  An ogre (D:6)
  A centaur (D:6)
  2 bullfrogs (D:6)
  A vampire bat (D:4)
  A howler monkey (D:6)
  A crimson imp (D:6)
  4 orc wizards
  A centaur skeleton (D:5)
  2 hounds
  A jelly (D:4)
  2 orc priests (D:6)
  Natasha (D:2)
  6 worker ants
  A killer bee zombie (D:6)
  6 adders
  8 gnolls
  An ooze (D:6)
  2 worms
  3 dart slugs
  2 leopard geckos
  15 orcs
  5 bats
  A bat skeleton (D:4)
  5 bat zombies (D:4)
  3 giant cockroaches
  8 hobgoblins
  13 jackals
  3 kobolds
  5 quokkas
  3 ball pythons
  4 frilled lizards
  7 goblins
  2 quokka skeletons (D:5)
  6 rats
133 creatures vanquished.

Notes
Turn   | Place    | Note
-------+----------+-------------------------------------------
     0 | D:1      | tognito the Minotaur Berserker began the quest for the Orb.
     0 | D:1      | Reached XP level 1. HP: 19/19 MP: 0/0
     2 | D:1      | Noticed a vampire
     4 | D:1      | Noticed a demigod
     4 | D:1      | Noticed a gargoyle
     6 | D:1      | Noticed a vine stalker
     6 | D:1      | Noticed a ghoul
     8 | D:1      | Noticed a felid
    10 | D:1      | Noticed a merfolk
    10 | D:1      | Noticed an octopode
    12 | D:1      | Noticed a human
    12 | D:1      | Noticed a minotaur
    14 | D:1      | Noticed an ogre
    14 | D:1      | Noticed a troll
    16 | D:1      | Noticed an elf
    16 | D:1      | Noticed a centaur
    18 | D:1      | Noticed a halfling
    20 | D:1      | Noticed a spriggan
    22 | D:1      | Noticed a demonspawn
    22 | D:1      | Noticed a tengu
    24 | D:1      | Noticed a formicid
    24 | D:1      | Noticed a naga
    26 | D:1      | Noticed a dwarf
    26 | D:1      | Noticed a draconian
   121 | D:1      | Reached skill level 4 in Axes
   121 | D:1      | Reached XP level 2. HP: 27/27 MP: 1/1
   196 | D:1      | Gained mutation: You have a pair of large horns on your
                  | head. [potion of mutation]
   196 | D:1      | Gained mutation: Your flesh is cold resistant. (rC+)
                  | [potion of mutation]
   374 | D:1      | Reached XP level 3. HP: 29/33 MP: 2/2
   620 | D:2      | Reached ** piety under Trog
   967 | D:2      | Reached XP level 4. HP: 34/41 MP: 3/3
  1167 | D:2      | Found a glowing golden altar of the Shining One.
  1167 | D:2      | Found a shattered altar of Ashenzari.
  1204 | D:2      | Noticed Natasha
  1211 | D:2      | Killed Natasha
  1377 | D:2      | Reached skill level 5 in Axes
  1664 | D:3      | Found a white marble altar of Elyvilon.
  1669 | D:3      | Reached skill level 5 in Fighting
  1672 | D:3      | Reached XP level 5. HP: 44/48 MP: 4/4
  2284 | D:3      | Found a burning altar of Makhleb.
  2462 | D:4      | Reached skill level 1 in Stealth
  2507 | D:4      | Reached XP level 6. HP: 56/56 MP: 5/5
  2512 | D:4      | Reached *** piety under Trog
  2524 | D:4      | Reached skill level 6 in Axes
  3050 | D:4      | Found an ancient bone altar of Kikubaaqudgha.
  3059 | D:4      | Reached skill level 7 in Axes
  3204 | D:4      | Found a staircase to the Ecumenical Temple.
  3265 | D:5      | Entered Level 5 of the Dungeon
  3268 | D:5      | Noticed Eustachio
  3282 | D:5      | Killed Eustachio
  3282 | D:5      | Reached skill level 8 in Axes
  3282 | D:5      | Reached XP level 7. HP: 36/61 MP: 6/6
  3308 | D:5      | Noticed Grinder
  3309 | D:5      | Paralysed by Grinder for 3 turns
  3318 | D:5      | Killed Grinder
  3318 | D:5      | Reached skill level 9 in Axes
  3535 | D:5      | Noticed Edmund
  3545 | D:5      | Killed Edmund
  3591 | D:5      | Found a deep blue altar of Sif Muna.
  3673 | D:5      | Reached XP level 8. HP: 69/69 MP: 7/7
  4077 | D:6      | Reached skill level 10 in Axes
  4406 | D:6      | Reached **** piety under Trog
  4504 | D:6      | Reached skill level 11 in Axes
  4527 | D:6      | Reached skill level 12 in Axes
  4580 | D:6      | HP: 3/69 [black bear (5)]
  4580 | D:6      | Slain by a black bear

Skill      XL: |  1  2  3  4  5  6  7  8 |
---------------+-------------------------+-----
Axes           | 4 5 8 9 12 | 12.5
Fighting       | 4 5 |  5.4
Dodging        | 3 |  3.4
Armour         | 3 |  3.5
Stealth        | 1 |  1.2

Action                   |  1- 3 |  4- 6 |  7- 9 || total
-------------------------+-------+-------+-------++-------
Melee: Hand axe          |    56 |    81 |       ||   137
       Headbutt          |     6 |    15 |    28 ||    49
       War axe           |       |    31 |   108 ||   139
Invok: Berserk           |       |     2 |     2 ||     4
  Use: Potion            |     4 |     2 |     5 ||    11
  Eat: Chunk             |       |     9 |     7 ||    16
Armor: Animal skin       |    10 |       |       ||    10
       Ring mail         |       |    38 |    12 ||    50
       Plate armour      |       |       |    28 ||    28
Dodge: Dodged            |    51 |   105 |    47 ||   203
